Map: [ESL] Inside and Out

Players

SpeCial - Winner!

  • Race: Terran Terran
  • Spawn Location: 7:00

Erik

  • Race: Zerg Zerg
  • Spawn Location: 1:00

Event: DreamHack SC2 Masters 2022 Atlanta (Online)

VOD

Have the link to the VOD?

Description

Time

  • Played on: Sept. 29, 2022, 4:16 p.m.
  • Length: 11:55

All games in this series

Show
View Real Time Build Order
Export as new Build Order

SpeCial Terran - Winner!

Build Orders:  

Get SALT Encoding   

  12  0:00  SCV  
  13  0:12  SCV  
  14  0:17  Supply Depot  
  14  0:24  SCV  
  15  0:38  SCV  
  15  0:40  Barracks  
  16  0:43  Refinery  
  16  0:50  SCV  
  17  1:03  SCV  
  18  1:15  SCV  
  19  1:27  Orbital Command  
  19  1:36  Command Center  
  19  1:39  Marine  
  20  1:50  Factory  
  20  1:54  SCV  
  21  2:03  Barracks Reactor  
  21  2:06  SCV  
  22  2:10  Supply Depot  
  22  2:16  Refinery  
  22  2:18  SCV  
  23  2:32  SCV  
  24  2:37  Hellion  
  24  2:40  Starport  
  24  2:41  Marine  
  24  2:42  Marine  
  28  2:47  SCV  
  28  2:59  SCV, Orbital Command  
  28  3:01  Marine x2  
  28  3:04  Widow Mine  
  33  3:11  SCV  
  34  3:17  Medivac  
  36  3:24  Supply Depot, SCV x2  
  36  3:26  Marine  
  39  3:27  Marine  
  40  3:36  SCV  
  41  3:42  Factory Tech Lab  
  41  3:43  SCV  
  41  3:45  Marine x2  
  42  3:49  SCV, Bunker  
  43  3:55  SCV  
  43  3:56  Supply Depot  
  43  4:01  SCV  
  45  4:06  Banshee  
  48  4:10  Command Center  
  48  4:14  Marine x2  
  48  4:16  Cloaking Field  
  50  4:18  SCV  
  50  4:22  SCV  
  52  4:27  Supply Depot  
  52  4:32  Marine x2  
  52  4:33  SCV  
  55  4:42  SCV  
  55  4:43  Factory Tech Lab  
  56  4:45  Barracks  
  56  4:46  SCV  
  56  4:50  Banshee  
  60  4:57  SCV  
  60  4:58  Supply Depot, SCV  
  60  4:59  Marine x2  
  64  5:09  SCV  
  64  5:10  SCV  
  64  5:17  Marine x2, Factory Reactor  
  65  5:22  SCV  
  66  5:29  SCV  
  66  5:35  Marine x2  
  66  5:40  Orbital Command  
  66  5:42  SCV x2  
  64  5:43  Engineering Bay  
  64  5:45  Engineering Bay, Marine  
  64  5:46  Stimpack  
  64  5:47  Starport Reactor  
  62  5:50  Refinery  
  62  5:51  Refinery, Barracks  
  62  5:53  Marine x2  
  64  5:58  Barracks  
  64  6:04  SCV  
  65  6:05  Barracks  
  65  6:07  Orbital Command  
  65  6:11  Marine x2  
  65  6:12  Siege Tank, Marine  
  65  6:15  SCV  
  72  6:18  Terran Infantry Weapons Level 1  
  72  6:19  Terran Infantry Armor Level 1  
  72  6:23  SCV  
  73  6:25  Medivac  
  73  6:26  Medivac  
  73  6:27  SCV  
  73  6:29  Marine x2  
  73  6:30  Supply Depot, Marauder  
  82  6:34  Supply Depot, SCV  
  82  6:35  SCV  
  82  6:39  SCV  
  85  6:46  SCV, Barracks Tech Lab, Marine  
  85  6:47  SCV, Marine x3, Barracks  
  86  6:50  Barracks  
  86  6:52  Marauder  
  93  6:55  SCV  
  93  6:58  SCV  
  93  6:59  Barracks Reactor  
  93  7:00  Siege Tank  
  98  7:03  SCV  
  98  7:04  Marine x2  
  98  7:05  Marine x2  
  98  7:07  Supply Depot, SCV  
  104  7:10  SCV, Marauder  
  104  7:11  Combat Shield  
  104  7:13  Marauder  
  109  7:17  Supply Depot  
  109  7:28  Supply Depot, SCV x2, Medivac x2, Marine x3  
  109  7:29  Refinery  
  115  7:30  Supply Depot  
  115  7:35  Marauder, Marine x2  
  115  7:36  Marauder  
  117  7:38  Marine  
  117  7:43  SCV x2  
  122  7:46  Supply Depot, Barracks Reactor, Barracks Tech Lab  
  122  7:50  Marine x2  
  122  7:54  SCV  
  122  7:55  SCV  
  122  7:57  Marauder  
  126  7:59  Marauder, Marine x2  
  126  8:00  Armory  
  126  8:01  Marine  
  131  8:07  Marauder, Marine x2  
  131  8:11  Marine  
  131  8:16  Marine  
  131  8:17  Medivac, Marine  
  131  8:18  Marauder  
  128  8:21  Marauder  
  128  8:22  Concussive Shells  
  130  8:29  Marauder  
  132  8:37  Marine  
  132  8:38  Marine x3  
  132  8:40  Supply Depot, Marauder, Siege Tank  
  140  8:42  Marauder  
  140  8:43  Marine  
  140  8:48  Command Center  
  139  8:49  Marine  
  139  8:50  Marauder  
  139  8:51  Terran Infantry Weapons Level 2  
  138  8:58  Marine x3  
  138  8:59  Marine x3  
  138  9:01  Marauder, Marine  
  147  9:03  Marauder  
  147  9:07  Marine  
  147  9:08  Sensor Tower  
  150  9:11  Refinery, Marine  
  150  9:12  SCV x3  
  150  9:14  Missile Turret  
  150  9:16  Missile Turret, Marine x3  
  157  9:21  Siege Tank, Marine  
  157  9:22  Marauder  
  157  9:24  Terran Infantry Armor Level 2  
  163  9:35  Marauder  
  165  9:44  Supply Depot  
  165  9:45  Marine  
  165  9:46  Supply Depot, Marine  
  165  9:47  SCV, Marine x2  
  165  9:48  Marine x2  
  165  9:49  SCV  
  165  9:50  SCV, Marine x2  
  165  9:51  Marine  
  164  9:59  SCV, Siege Tank  
  172  10:00  Marauder x2  
  172  10:02  SCV  
  172  10:03  SCV, Planetary Fortress, Marine  
  172  10:04  Marine  
  172  10:05  Missile Turret, Marine  
  177  10:08  Marauder, Marine x3  
  182  10:19  Medivac x2  
  186  10:21  Marauder  
  186  10:22  Marine  
  186  10:23  Marauder, Marine x3  
  186  10:24  Marine  
  186  10:27  SCV x3  
  190  10:30  Ghost Academy  
  190  10:38  Marine x3  
  190  10:39  Marauder  
  190  10:40  Marine  
  196  10:45  Supply Depot, Marine x2  
  194  10:51  Marauder  
  194  10:55  Marine  
  194  10:57  Siege Tank  
  195  11:00  Medivac  
  195  11:01  Marine  
  195  11:03  Marauder  
  196  11:05  Marine x2  
  196  11:06  Medivac, Marauder  
  196  11:08  SCV x2  
  196  11:10  Marine  
  196  11:11  Marine  
  179  11:12  Marauder  
  179  11:13  Marine x2  
  179  11:14  Marine  
  176  11:24  Marauder  
Show
View Real Time Build Order
Export as new Build Order

Erik Zerg 

Build Orders: Hatch First 

Get SALT Encoding   

  12  0:00  Drone  
  13  0:08  Drone  
  13  0:14  Extractor  
  13  0:15  Drone  
  15  0:36  Hatchery  
  15  0:42  Drone, Extractor  
  14  0:48  Overlord  
  15  1:04  Spawning Pool  
  14  1:07  Drone  
  14  1:10  Drone  
  16  1:14  Drone  
  17  1:18  Drone  
  18  1:29  Drone  
  19  1:40  Drone  
  20  1:50  Queen  
  20  1:51  Queen  
  20  1:52  Zergling x2  
  25  1:55  Drone  
  25  1:59  Drone  
  27  2:01  Overlord  
  27  2:10  Drone  
  27  2:12  Extractor  
  27  2:13  Drone  
  28  2:21  Drone  
  29  2:23  Drone  
  29  2:28  Queen  
  29  2:29  Queen  
  34  2:32  Overlord  
  34  2:37  Drone  
  35  2:46  Drone  
  36  2:52  Drone  
  36  2:55  Drone x2  
  39  2:58  Drone x2  
  39  2:59  Drone x3  
  39  3:00  Overlord  
  43  3:09  Drone x2, Roach Warren  
  44  3:14  Extractor  
  44  3:19  Overlord  
  43  3:20  Drone  
  44  3:27  Drone  
  44  3:31  Drone  
  46  3:43  Drone x6, Hatchery  
  51  3:51  Overlord  
  51  3:58  Roach  
  51  3:59  Roach  
  55  4:06  Extractor  
  55  4:07  Extractor, Overlord  
  55  4:08  Lair  
  53  4:13  Drone x6  
  59  4:22  Roach  
  59  4:34  Roach x2  
  61  4:48  Drone x5  
  66  5:00  Overlord  
  66  5:01  Overlord x2  
  66  5:08  Overlord  
  66  5:11  Queen  
  66  5:17  Roach x2  
  66  5:18  Overlord x2  
  66  5:19  Overlord  
  66  5:23  Overseer  
  64  5:31  Roach x2  
  64  5:32  Roach  
  64  5:34  Drone x4  
  64  5:35  Queen x2  
  72  5:39  Drone  
  72  5:41  Glial Reconstitution  
  75  5:42  Evolution Chamber  
  75  5:43  Evolution Chamber  
  75  5:46  Queen, Drone  
  75  5:47  Drone  
  75  5:49  Drone  
  78  6:01  Hatchery  
  77  6:06  Drone x3  
  78  6:18  Zerg Ground Armor Level 1, Zerg Missile Weapons Level 1  
  80  6:20  Drone x2  
  80  6:21  Drone  
  80  6:22  Drone x5  
  80  6:24  Extractor  
  80  6:25  Extractor  
  84  6:32  Overlord x2  
  84  6:33  Overlord  
  84  6:42  Spore Crawler  
  84  6:45  Roach  
  84  6:46  Roach x2  
  89  6:50  Drone x2  
  89  6:51  Roach  
  89  6:52  Roach x2  
  97  6:58  Roach  
  97  6:59  Roach x6  
  111  7:07  Spore Crawler, Overlord  
  110  7:11  Roach  
  110  7:12  Roach  
  114  7:21  Roach x4  
  122  7:25  Roach x2  
  124  7:35  Roach x12  
  146  7:41  Queen  
  148  7:44  Overlord  
  148  7:45  Overlord  
  148  7:46  Ravager  
  148  7:47  Ravager x2  
  148  7:51  Roach x2  
  155  8:03  Roach x10  
  175  8:07  Overlord x4  
  161  8:17  Roach  
  161  8:18  Roach x3  
  136  8:20  Zerg Missile Weapons Level 2, Zerg Ground Armor Level 2  
  136  8:21  Infestation Pit  
  130  8:28  Drone x2  
  130  8:29  Drone x2  
  130  8:30  Drone x8  
  142  8:39  Hydralisk Den  
  142  8:40  Pneumatized Carapace  
  141  8:43  Roach x4  
  143  8:51  Roach  
  143  8:52  Roach  
  137  8:56  Ravager x3  
  137  8:57  Ravager  
  137  8:58  Ravager  
  137  8:59  Ravager  
  143  9:03  Roach x3, Extractor x2  
  143  9:09  Drone x8  
  155  9:15  Pathogen Glands  
  155  9:16  Overlord  
  155  9:24  Roach  
  155  9:25  Roach x7  
  171  9:43  Infestor x2  
  147  9:55  Infestor  
  147  9:59  Roach x11  
  169  10:11  Muscular Augments  
  169  10:20  Hydralisk  
  169  10:21  Hydralisk x5  
  181  10:38  Queen x2  
  181  10:42  Ravager  
  186  10:48  Roach x7  
  186  10:49  Roach x7  
  196  10:58  Hydralisk  
  149  11:11  Hydralisk x12  
  150  11:18  Roach x4  
  150  11:19  Roach  
Tags
 
Add a new tag
Caveats
  • Supply blocks, unpowered buildings, or Contaminate may cause inaccurate times.
  • Supply counts are checked every 10 seconds.